 Dungeon Crawl Stone Soup version 0.27.1-4-g1640c2035a (webtiles) character file.

Game seed: 4442323449085435117

287717 belnormal the Black Belt (level 21, -12/241 (245) HPs)
             Began as a Naga Transmuter on Nov 18, 2021.
             Was a High Priest of Cheibriados.
             Killed from afar by a frost giant (29 damage)
             ... with a bolt of cold
             ... on level 5 of the Vaults.
             The game lasted 04:33:41 (42450 turns).

belnormal the Black Belt (Naga Transmuter)         Turns: 42450, Time: 04:33:42

HP:   -12/241 (245) AC: 42    Str: 31      XL:     21   Next: 7%
MP:   20/29         EV: 19    Int: 29 (30) God:    Cheibriados [*****.]
Gold: 2463          SH: 16    Dex: 27 (28) Spells: 7/24 levels left

rFire    + . .     SeeInvis +     - Unarmed
rCold    . . .     Faith    .   x - +2 kite shield {reflect}
rNeg     + . .     Spirit   .   (armour currently unavailable)
rPois    ∞         Reflect  +   H - +2 helmet
rElec    +         Harm     .   U - +4 cloak of Jary {Str+5}
rCorr    .         Rampage  .   (gloves currently unavailable)
Will     +++..                  (no barding)
Stlth    ++++++....             g - amulet of regeneration
HPRegen  1.50/turn              N - +4 ring of protection
MPRegen  0.21/turn              m - ring of willpower

@: statue-form, wereblooded, lightly drained, very slow
A: slow and powerful, torment resistance 1, boosted hp, AC +7, large, see
invisible, deformed body, poison resistance, (slowness 2), spit poison 1, naga
tail 2, deterioration 1, fire resistance 1
}: 1/15 runes: decaying
a: Spit Poison, End Transformation, Renounce Religion, Bend Time, Temporal
Distortion, Slouch, Step From Time


You were on level 5 of the Vaults.
You worshipped Cheibriados.
Cheibriados was extremely pleased with you.
You were a living statue of rough stone.
You visited 6 branches of the dungeon, and saw 30 of its levels.

You collected 6258 gold pieces.
You spent 3795 gold pieces at shops.

Inventory:

Missiles
 c - 19 curare-tipped darts
 i - 4 boomerangs of dispersal
 A - a throwing net
Armour
 o - the +3 pair of gauntlets of War (melded) {Slay+5}
   (You found it on level 2 of the Vaults)

   Slay:      It affects your accuracy & damage with ranged weapons and melee
   (+5).
 t - a +10 plate armour of ponderousness (melded)
 x - a +2 kite shield of reflection (worn)
 y - the +5 barding of the Purple Skies (melded) {Int+3}
   (You acquired it on level 2 of the Vaults)

   Int:       It affects your intelligence (+3).
 H - a +2 helmet (worn)
 R - a +0 kite shield of cold resistance
 U - the +4 cloak of Jary (worn) {Str+5}
   (You bought it in a shop on level 4 of the Vaults)

   Str:       It affects your strength (+5).
Jewellery
 b - a +4 ring of protection
 e - a ring of positive energy
 f - a ring of fire
 g - an amulet of regeneration (around neck)
 m - a ring of willpower (right fist)
 v - a +6 ring of dexterity
 z - an amulet of reflection
 B - a ring of magical power
 C - a ring of resist corrosion
 N - a +4 ring of protection (left fist)
Wands
 a - a wand of iceblast (24)
 h - a wand of polymorph (7)
 u - a wand of digging (8)
 W - a wand of mindburst (36)
Scrolls
 l - 6 scrolls of immolation
 n - 2 scrolls of fog
 p - 4 scrolls of holy word
 q - 2 scrolls of fear
 s - 3 scrolls of vulnerability
 D - a scroll of torment
 E - 4 scrolls of blinking
 F - 2 scrolls of amnesia
 G - a scroll of enchant weapon
 I - a scroll of acquirement
 L - 4 scrolls of identify
 P - 3 scrolls of enchant armour
 X - 2 scrolls of magic mapping
Potions
 d - 7 potions of curing
 j - 8 potions of flight
 r - 5 potions of brilliance
 w - a potion of lignification
 M - 4 potions of might
 O - 7 potions of cancellation
 T - 2 potions of invisibility
 V - a potion of resistance
 Z - 3 potions of mutation
Miscellaneous
 Q - a phantom mirror


   Skills:
 + Level 11.8 Fighting
 + Level 10.3 Armour
 + Level 10.1 Dodging
 - Level 12.0 Stealth
 - Level 9.4 Shields
 * Level 16.1 Unarmed Combat
 - Level 2.0 Spellcasting
 - Level 14.5 Transmutations
 - Level 6.0 Ice Magic
 - Level 15.2 Earth Magic
 - Level 3.0 Poison Magic
 + Level 11.0 Invocations


You had 7 spell levels left.
You knew the following spells:

 Your Spells              Type           Power      Damage    Failure   Level
a - Blade Hands           Tmut           36%        N/A       1%          5
i - Ice Form              Ice/Tmut       58%        N/A       1%          4
s - Statue Form           Tmut/Erth      48%        N/A       3%          6
w - Wereblood             Tmut           72%        N/A       1%          2

Your spell library contained the following spells:

 Spells                   Type           Power      Damage    Failure   Level
 Beastly Appendage        Tmut           100%       N/A       1%          1
 Passwall                 Tmut/Erth      60%        N/A       1%          2
 Spider Form              Tmut/Pois      26%        N/A       1%          3
 Stone Arrow              Conj/Erth      94%        3d12      1%          3
 Animate Armour           Summ/Erth      94%        N/A       3%          4
 Poisonous Vapours        Pois/Air       22%        N/A       7%          2
 Animate Skeleton         Necr           4%         N/A       9%          1
 Apportation              Tloc           4%         N/A       9%          1
 Corona                   Hex            2%         N/A       9%          1
 Magic Dart               Conj           8%         1d3       9%          1
 Pain                     Necr           8%         1d4       9%          1
 Summon Small Mammal      Summ           8%         N/A       9%          1
 Yara's Violent Unravell  Hex/Tmut       22%        3d10      12%         5
 Blink                    Tloc           N/A        N/A       13%         2
 Searing Ray              Conj           4%         3d3       13%         2
 Slow                     Hex            2%         N/A       13%         2
 Sublimation of Blood     Necr           1%         N/A       13%         2
 Hailstorm                Conj/Ice       20%        3d6       24%         4
 Olgreb's Toxic Radiance  Pois           20%        N/A       24%         4
 Confusing Touch          Hex            2%         N/A       26%         3
 Dazzling Flash           Conj/Hex       4%         N/A       26%         3
 Tukima's Dance           Hex            2%         N/A       26%         3
 Vampiric Draining        Necr           1%         2d6       26%         3
 Bolt of Magma            Conj/Fire/Erth 16%        4d9       30%         5
 Iron Shot                Conj/Erth      23%        9d5       50%         6
 Fulminant Prism          Conj/Hex       1%         3d6       63%         4
 Iskenderun's Mystic Bla  Conj/Tloc      2%         2d3       63%         4
 Passage of Golubria      Tloc           N/A        N/A       63%         4
 Freezing Cloud           Conj/Ice/Air   7%         6-21      71%         5
 Agony                    Necr           2%         N/A       93%         5
 Excruciating Wounds      Necr           1%         N/A       93%         5
 Manifold Assault         Tloc           2%         N/A       93%         5
 Silence                  Hex/Air        1%         N/A       93%         5
 Simulacrum               Ice/Necr       10%        N/A       98%         6
 Storm Form               Tmut/Air       22%        N/A       98%         7
 Ozocubu's Refrigeration  Ice            18%        4d8       99%         7
 Starburst                Conj/Fire      1%         6d3       100%        6
 Ignition                 Fire           1%         3d3       100%        8
 Lehudib's Crystal Spear  Conj/Erth      23%        10d7      100%        8
 Polar Vortex             Ice            18%        N/A       100%        9


Dungeon Overview and Level Annotations

Branches:
Dungeon (15/15)            Temple (1/1) D:7            Lair (3/6) D:11
  Swamp (4/4) Lair:3          Orc (2/2) D:11            Elf (0/3) Orc:2
 Vaults (5/5) D:13          Crypt (0/3) Vaults:3     Depths (0/5) D:15
  Snake: Lair:2-4    Spider: Lair:2-4

Altars:
Ashenzari
Cheibriados
Dithmenos
Elyvilon
Fedhas
Gozag
Hepliaklqana
Kikubaaqudgha
Makhleb
Nemelex Xobeh
Okawaru
Qazlal
Ru
Sif Muna
Trog
Uskayaw
Vehumet
Wu Jian
Xom
Yredelemnul
Zin
The Shining One
Beogh

Shops:
D:5 (   D:8 *   D:11 [   D:14 *   Orc:2 (![[   Vaults:4 ([[

Annotations:
D:5 2 transporters, McKennaii's ghost, novice DsFi
D:7 2 transporters, exclusion: ice statue, harness's ghost, novice TeGl
D:13 exclusion: downstairs
D:14 Roxanne
Vaults:1 1 runed translucent door, wpisznazwe's ghost, adept SpVM


Innate Abilities, Weirdness & Mutations

You are a living statue of rough stone.
Your actions are slow, but your melee attacks are powerful.
You are resistant to unholy torment.
Your maximum health is greatly increased.
Your equipment is partially melded.
((Your serpentine skin is tough. (AC +7)))
You have supernaturally acute eyesight. (SInv)
Armour fits poorly on your strangely shaped body.
Your system is resistant to poisons. (rPois)
((You cover ground very slowly.))
You can spit poison.
You can use your snake-like lower body to constrict enemies.
Your body sometimes deteriorates upon taking damage.
Your flesh is heat resistant. (rF+)


Message History

The bolt of cold hits you!
* * * LOW HITPOINT WARNING * * *
The shadow dragon bites you but does no damage.
The shadow dragon claws you but does no damage.
You block the shadow dragon's attack.
Unknown command.
Press: ? - help, v - describe, . - travel
Here: a titan (heavily wounded)
The floor, spattered with blood.
Unknown command.
Okay, then.
Unknown command.
Unknown command.
Unknown command.
Unknown command.
You feel much better. You block the titan's attack.
The frost giant hits you with a +1 battleaxe of freezing!
* * * LOW HITPOINT WARNING * * *
The frost giant freezes you.
* * * LOW HITPOINT WARNING * * *
The shadow dragon bites you.
* * * LOW HITPOINT WARNING * * *
The shadow dragon claws you.
* * * LOW HITPOINT WARNING * * *
You block the shadow dragon's attack.
The titan casts a spell.
The titan is healed somewhat.
Unknown command.
Unknown command.
You fail to use your ability.
The shadow dragon completely misses you.
The shadow dragon claws you.
* * * LOW HITPOINT WARNING * * *
The shadow dragon claws you but does no damage.
The titan hits you!!
* * * LOW HITPOINT WARNING * * *
A deep elf high priest comes into view. It is wielding a +0 scimitar.
The frost giant points at you and mumbles some strange words.
The bolt of cold hits you!!
You die...

#########**********
#.......,,,,,,,,,,,
#.....),,,,,,,,,,,,
#.C..##************
#CDDe.#,***,***,***
#C8#,*,,,*,,,*,,,*,
#..#*,*,*,*,*,*,*,*
#..#,,,*,,,*,,,*,,,
#..#*,*,*,*,*,*,*,*
#..#**,,,*,,,*,,,*,
#..#*,*,*,*,*,*,*,*
#..#,,,*,,,*,,,*,,,
#..#*,*,*,*,*,*,*,*
#..#**,,,*,,,*,,,*,


You could see 2 shadow dragons, a titan, a frost giant, a fire giant and a deep
elf high priest.

Vanquished Creatures
  A dread lich (Vaults:2)
  Bai Suzhen (Swamp:3)
  Jory (Vaults:2)
  A tentacled monstrosity (Swamp:4)
  Asterion (Vaults:2)
  A lich (Vaults:2)
  2 titans (Vaults:5)
  The ghost of TangoThomas the Severer, an adept DsBe of Trog (Swamp:4)
  Frances (D:14)
  3 sphinxes
  2 shadow dragons (Vaults:2)
  2 tengu reavers
  3 thorn hunters
  A fenstrider witch (Swamp:4)
  A fire giant (Vaults:4)
  15 vault wardens
  2 deep elf sorcerers (Vaults:2)
  22 ironbound preservers
  5 very ugly things
  3 war gargoyles
  A hydra skeleton (Swamp:4)
  5 stone giants
  2 vampire knights (Swamp:4)
  3 entropy weavers
  6 dire elephants
  5 bunyips
  2 deep elf annihilators (Vaults:2)
  2 eleionomae
  An ettin (Vaults:2)
  5 shambling mangroves (Swamp:4)
  14 vault guards
  3 great orbs of eyes
  5 boulder beetles
  A deep elf high priest (Vaults:2)
  13 yaktaur captains
  8 ironbound thunderhulks
  12 hydras
  A catoblepas (D:14)
  3 peacekeepers
  A ghost crab (Swamp:3)
  3 ogre magi
  2 spriggan air magi
  12 centaur warriors
  8 ironbound frosthearts
  6 tengu warriors
  9 alligators
  10 two-headed ogres
  4 spriggan berserkers
  A hell knight (Vaults:5)
  3 ironbound beastmasters
  4 skeletal warriors (D:15)
  7 goliath frogs
  36 deep trolls
  8 swamp dragons
  6 bog bodies
  A glowing orange brain (Vaults:3)
  6 spriggan druids
  A tengu zombie (Vaults:2)
  3 spectral hydras (Swamp:4)
  8 wizards
  A necromancer (Vaults:2)
  12 ironbound convokers
  11 harpies
  3 phantasmal warriors
  2 deep elf pyromancers (D:13)
  34 ugly things
  4 cyclopes
  3 oklob plants (Swamp:4)
  2 will-o-the-wisps (Swamp:3)
  A human zombie (Vaults:2)
  10 orc sorcerers
  3 manticores
  A moth of wrath (Swamp:4)
  A torpor snail (D:15)
  A torpor snail (shapeshifter) (Vaults:5)
  3 gargoyles
  11 vault sentinels
  5 cane toads
  A rime drake (Lair:2)
  60 yaktaurs
  2 freezing wraiths (Swamp:4)
  2 kobold demonologists (D:13)
  A yaktaur (shapeshifter) (Vaults:2)
  3 komodo dragons
  4 hydra zombies (Swamp:4)
  A tengu conjurer (D:14)
  3 meliai (D:15)
  6 trolls
  2 death drake zombies (Swamp:4)
  11 tyrant leeches
  12 hornets
  9 blink frogs
  44 slime creatures
  A raiju (Vaults:2)
  A centaur simulacrum (D:15)
  A shadow (D:11)
  4 wraiths
  A redback (Vaults:4)
  18 yaks
  21 spriggans
  3 tarantellas (Vaults:4)
  3 vampires (D:9)
  8 humans (D:13)
  3 wyverns
  4 basilisks
  A golden eye (shapeshifter) (Vaults:2)
  A steam dragon (D:7)
  4 vampire mosquitoes (Swamp:1)
  16 swamp worms
  A warg (shapeshifter) (Vaults:4)
  Edmund (D:4)
  3 wargs
  4 acid dragons
  2 floating eyes (Vaults:2)
  9 water moccasins
  3 hydra simulacra (Swamp:4)
  2 swamp dragon zombies (Swamp:4)
  A black bear (D:6)
  19 orc warriors
  5 swamp drakes
  13 ogres
  14 wolves
  A swamp dragon skeleton (Swamp:4)
  17 centaurs
  2 phantoms
  2 kobold brigands
  8 bullfrogs
  2 gnoll sergeants (D:9)
  3 scorpions
  A wyvern zombie (D:6)
  An earth elemental (D:14)
  A wyvern skeleton (D:4)
  A human simulacrum (Vaults:2)
  10 killer bees (D:8)
  3 wights (D:9)
  5 howler monkeys
  3 centaur zombies
  A bullfrog zombie (D:5)
  A hound (D:6)
  14 orc priests
  2 gnoll shamans
  3 jellies
  Jessica (D:2)
  6 iguanas
  38 orc wizards
  A howler monkey zombie (D:8)
  15 gnolls
  14 adders
  A shadow imp (D:5)
  A white imp (D:8)
  3 ufetubi
  A dart slug (D:4)
  79 orcs
  3 endoplasms
  4 giant cockroaches
  12 goblins
  6 hobgoblins
  6 jackals
  5 quokkas
  12 ball pythons
  6 bats
  14 kobolds
  A quokka skeleton (D:4)
  3 rats
1049 creatures vanquished.

Vanquished Creatures (collateral kills)
  A bunyip (Swamp:1)
  A bog body (Swamp:3)
  A will-o-the-wisp (Swamp:1)
  4 vampire mosquitoes (Swamp:3)
  2 swamp worms (Swamp:3)
9 creatures vanquished.

Vanquished Creatures (others)
  A swamp dragon (Swamp:4)
  2 bloated husks (Swamp:1)
  A human (D:13)
  2 bushes (D:11)
  9 foxfires
  5 fungi (Lair:3)
  48 plants
  2 withered plants (D:1)
70 creatures vanquished.

Grand Total: 1128 creatures vanquished

Notes
Turn   | Place    | Note
-------+----------+-------------------------------------------
     0 | D:1      | belnormal the Naga Transmuter began the quest for the Orb.
     0 | D:1      | Reached XP level 1. HP: 18/18 MP: 3/3
    78 | D:1      | Got Sif Muna's Papyrus of Lightness and Clay
   170 | D:1      | Reached skill level 1 in Stealth
   187 | D:1      | Reached XP level 2. HP: 25/25 MP: 1/5
   946 | D:1      | Found a faded altar of an unknown god.
  1082 | D:2      | Found a shimmering altar of Xom.
  1200 | D:2      | Reached XP level 3. HP: 19/31 MP: 4/6
  1204 | D:2      | Learned a level 3 spell: Spider Form
  1644 | D:2      | Reached XP level 4. HP: 39/39 MP: 5/7
  1722 | D:2      | Noticed Jessica
  1830 | D:2      | Reached skill level 1 in Poison Magic
  2480 | D:3      | Reached skill level 4 in Unarmed Combat
  2772 | D:3      | Reached XP level 5. HP: 45/45 MP: 8/8
  3258 | D:3      | You fall into a shaft and drop 1 floor!
  3460 | D:2      | Killed Jessica
  3465 | D:2      | Got Jessica's Almanac of Sinister Secrets
  3904 | D:4      | Noticed Edmund
  3927 | D:4      | Killed Edmund
  3928 | D:4      | Reached XP level 6. HP: 46/55 MP: 3/9
  4295 | D:4      | Learned a level 2 spell: Wereblood
  4983 | D:5      | Entered Level 5 of the Dungeon
  5046 | D:5      | Reached skill level 5 in Unarmed Combat
  5046 | D:5      | Reached XP level 7. HP: 61/61 MP: 6/10
  5175 | D:5      | Found Byrghosenk's Weapon Boutique.
  5438 | D:5      | Reached skill level 5 in Stealth
  5729 | D:5      | Found a transporter.
  5729 | D:5      | Noticed McKennaii's ghost (novice DsFi)
  5747 | D:5      | Found a transporter.
  5884 | D:5      | Reached skill level 6 in Unarmed Combat
  5884 | D:5      | Reached XP level 8. HP: 72/72 MP: 8/11
  6686 | D:6      | Found a sacrificial altar of Ru.
  7049 | D:6      | Reached skill level 7 in Unarmed Combat
  7415 | D:7      | Reached XP level 9. HP: 57/79 MP: 2/12
  7641 | D:7      | Reached skill level 5 in Fighting
  7820 | D:7      | Reached skill level 8 in Unarmed Combat
  8455 | D:7      | Found a staircase to the Ecumenical Temple.
  8476 | Temple   | Entered the Ecumenical Temple
  8664 | Temple   | Became a worshipper of Cheibriados the Contemplative
  8695 | D:7      | Noticed an ice statue
  8699 | D:7      | Noticed harness's ghost (novice TeGl)
  8811 | D:7      | Found a transporter.
  9147 | D:7      | Found a transporter.
  9607 | D:8      | Learned a level 4 spell: Ice Form
  9762 | D:8      | Identified the +1 robe of Inaction {Int+4}
  9797 | D:8      | Reached skill level 1 in Ice Magic
  9816 | D:8      | Reached * piety under Cheibriados
 10036 | D:8      | Reached skill level 5 in Dodging
 10155 | D:8      | Reached skill level 9 in Unarmed Combat
 10305 | D:8      | Found Rsuppe's Retail Resort.
 10677 | D:9      | Reached XP level 10. HP: 79/91 MP: 7/13
 10851 | D:9      | Reached skill level 1 in Invocations
 11083 | D:9      | You fall into a shaft and drop 3 floors!
 11173 | D:12     | Noticed a cyan ugly thing
 11277 | D:11     | Found a staircase to the Lair.
 11306 | D:11     | Found a staircase to the Orcish Mines.
 11477 | D:10     | Entered Level 10 of the Dungeon
 11482 | D:10     | Identified the +8 spear "Diukicep" {drain, rC+ Str+3}
 11549 | D:10     | Reached ** piety under Cheibriados
 12734 | D:10     | Reached skill level 10 in Unarmed Combat
 14039 | D:11     | Noticed a two-headed ogre
 14056 | D:11     | Killed a two-headed ogre
 14057 | D:11     | Reached XP level 11. HP: 39/100 MP: 2/14
 14429 | D:11     | Noticed a cyclops
 14447 | D:11     | Killed a cyclops
 15066 | D:11     | Noticed a centaur warrior
 15072 | D:11     | Noticed a two-headed ogre
 15080 | D:11     | Killed a centaur warrior
 15084 | D:11     | Killed a two-headed ogre
 15092 | D:11     | Reached skill level 11 in Unarmed Combat
 15440 | D:11     | Noticed a two-headed ogre
 15451 | D:11     | Killed a two-headed ogre
 15647 | D:11     | Reached skill level 5 in Invocations
 15664 | D:11     | Noticed a two-headed ogre
 15674 | D:11     | Killed a two-headed ogre
 16360 | D:11     | Found Zautissire's Antique Armour Boutique.
 16386 | D:11     | Bought a helmet for 135 gold pieces
 16475 | D:12     | Noticed a boulder beetle
 16494 | D:12     | Killed a boulder beetle
 16725 | D:12     | Reached XP level 12. HP: 105/111 MP: 13/16
 16835 | D:12     | Reached *** piety under Cheibriados
 16967 | D:12     | Reached skill level 5 in Transmutations
 17138 | D:12     | Learned a level 5 spell: Blade Hands
 17221 | Orc:1    | Entered Level 1 of the Orcish Mines
 17234 | Orc:1    | Reached skill level 12 in Unarmed Combat
 17345 | Orc:1    | Noticed an ogre mage
 17369 | Orc:1    | Killed an ogre mage
 17736 | Orc:1    | Reached **** piety under Cheibriados
 18149 | Orc:2    | Entered Level 2 of the Orcish Mines
 18759 | Orc:2    | Reached ***** piety under Cheibriados
 18770 | Orc:2    | Found a staircase to the Elven Halls.
 18951 | Orc:2    | Found Giozuas Kucw's Distillery.
 18973 | Orc:2    | Found Ywis's Antique Weapon Shop.
 19268 | Orc:2    | Found Tofeshusk's Armour Shoppe.
 19268 | Orc:2    | Found Zynysaot's Antique Armour Shop.
 19311 | Orc:2    | Gained mutation: You can use your snake-like lower body to
                  | constrict enemies. [Naga growth]
 19311 | Orc:2    | Reached XP level 13. HP: 111/121 MP: 0/18
 19491 | Orc:2    | Bought a +0 barding of flying for 360 gold pieces
 19768 | Orc:2    | Bought a potion of might for 64 gold pieces
 19768 | Orc:2    | Bought a potion of mutation for 128 gold pieces
 19947 | D:13     | Identified the +1 hat of Okawaru's Esteem {-Cast rPois rN+}
 19997 | D:13     | Identified the +2 buckler of Japp {rF++ Str+5}
 20210 | D:13     | Reached skill level 13 in Unarmed Combat
 20214 | D:13     | Reached ****** piety under Cheibriados
 21241 | D:13     | Noticed a vault guard
 21273 | D:13     | Noticed a vault guard
 21273 | D:13     | Noticed a vault guard
 21810 | D:13     | Killed a vault guard
 22021 | D:13     | Found a gate to the Vaults.
 22092 | D:13     | Killed a vault guard
 22356 | D:14     | Found Rouser's Pet Rocks.
 22563 | D:14     | Reached XP level 14. HP: 102/130 MP: 16/20
 22597 | D:14     | Reached skill level 10 in Fighting
 22631 | D:14     | Identified Roxanne's Incunabulum of the Rocks
 22631 | D:14     | Noticed Roxanne
 22639 | D:14     | Noticed Frances
 22653 | D:14     | Killed Frances
 23035 | D:14     | Reached skill level 14 in Unarmed Combat
 23784 | D:15     | Entered Level 15 of the Dungeon
 23798 | D:15     | Reached skill level 1 in Earth Magic
 23909 | D:15     | Reached skill level 1 in Shields
 24124 | D:15     | Identified the +3 hunting sling of the Harvest {venom,
                  | Fragile rElec MP-9 Int+9}
 24798 | D:15     | Noticed a stone giant
 24807 | D:15     | Killed a stone giant
 25094 | D:15     | Found a staircase to the Depths.
 25201 | D:15     | Reached skill level 5 in Earth Magic
 25725 | Lair:1   | Entered Level 1 of the Lair of Beasts
 25981 | Lair:2   | Reached XP level 15. HP: 138/138 MP: 17/21
 26033 | Lair:3   | Found a staircase to the Swamp.
 26066 | Swamp:1  | Entered Level 1 of the Swamp
 26427 | Swamp:1  | Reached skill level 1 in Armour
 27001 | Swamp:1  | Learned a level 6 spell: Statue Form
 27504 | Swamp:2  | Noticed a thorn hunter
 27512 | Swamp:2  | Killed a thorn hunter
 27513 | Swamp:2  | Reached skill level 5 in Shields
 27957 | Swamp:3  | Reached skill level 10 in Earth Magic
 28626 | Swamp:1  | Reached XP level 16. HP: 146/146 MP: 17/22
 29169 | Swamp:3  | Noticed Bai Suzhen
 29182 | Swamp:3  | Killed Bai Suzhen
 29583 | Swamp:4  | Entered Level 4 of the Swamp
 29602 | Swamp:4  | Noticed a fenstrider witch
 29608 | Swamp:4  | Killed a fenstrider witch
 29611 | Swamp:4  | Noticed a tentacled monstrosity
 29621 | Swamp:4  | Killed a tentacled monstrosity
 29787 | Swamp:4  | Reached skill level 10 in Transmutations
 29838 | Swamp:4  | Reached skill level 10 in Stealth
 29985 | Swamp:4  | Found a transporter.
 29985 | Swamp:4  | Found a bloodstained altar of Trog.
 29996 | Swamp:4  | Found a transporter.
 30008 | Swamp:4  | Noticed TangoThomas's ghost (adept DsBe)
 30099 | Swamp:4  | Noticed a thorn hunter
 30109 | Swamp:4  | Killed a thorn hunter
 30213 | Swamp:4  | Noticed a thorn hunter
 30757 | Swamp:4  | Killed a thorn hunter
 30758 | Swamp:4  | Reached XP level 17. HP: 154/154 MP: 6/24
 30758 | Swamp:4  | Gained mutation: You are frail. (-10% HP) [mutagenic glow]
 30829 | Swamp:4  | Found a basalt altar of Yredelemnul.
 30868 | Swamp:4  | Got a decaying rune of Zot
 30929 | Swamp:4  | Found a blossoming altar of Fedhas.
 31553 | Orc:2    | Lost mutation: You are frail. (-10% HP) [potion of
                  | mutation]
 31553 | Orc:2    | Gained mutation: Your flesh is heat resistant. (rF+)
                  | [potion of mutation]
 31553 | Orc:2    | Gained mutation: Your body sometimes deteriorates upon
                  | taking damage. [potion of mutation]
 31746 | Vaults:1 | Entered Level 1 of the Vaults
 32210 | Vaults:1 | Reached skill level 15 in Unarmed Combat
 32305 | Vaults:1 | Reached skill level 10 in Invocations
 32337 | Vaults:1 | You fall into a shaft and drop 1 floor!
 32343 | Vaults:2 | Identified the +1 ring mail of Hedge Wizardry {rElec rC+
                  | Stlth+}
 32767 | Vaults:1 | Found a runed translucent door.
 32769 | Vaults:1 | Noticed wpisznazwe's ghost (adept SpVM)
 34094 | Vaults:2 | Reached XP level 18. HP: 165/165 MP: 25/25
 34216 | Vaults:2 | Noticed Jory
 34234 | Vaults:2 | Killed Jory
 34657 | Vaults:2 | Noticed a lich
 34667 | Vaults:2 | Killed a lich
 34670 | Vaults:2 | HP: 1/214 [vault guard (11)]
 34678 | Vaults:2 | Noticed a dread lich
 34701 | Vaults:2 | Reached skill level 5 in Armour
 34997 | Vaults:2 | Noticed Asterion
 35004 | Vaults:2 | Killed Asterion
 35055 | Vaults:2 | Found the +3 pair of gauntlets of War {Slay+5}
 35125 | Vaults:2 | Paralysed by a floating eye for 2 turns
 35201 | Vaults:2 | Identified a scroll of acquirement
 35204 | Vaults:2 | Noticed a Hell Sentinel
 35210 | Vaults:2 | Killed a dread lich
 35218 | Vaults:2 | Acquired the +5 barding of the Purple Skies {Int+3}
 35487 | D:8      | Bought an amulet of reflection for 480 gold pieces
 35487 | D:8      | Bought a ring of resist corrosion for 320 gold pieces
 36108 | Vaults:2 | Reached XP level 19. HP: 171/172 MP: 19/26
 36115 | Vaults:2 | Reached skill level 5 in Ice Magic
 38591 | Vaults:3 | Found a staircase to the Crypt.
 38591 | Vaults:3 | Found a basalt altar of Yredelemnul.
 38592 | Vaults:3 | Found an ancient bone altar of Kikubaaqudgha.
 38807 | Vaults:4 | Found Gozag's Antique Armour Shoppe.
 38809 | Vaults:4 | Found an opulent altar of Gozag.
 38810 | Vaults:4 | Found Gozag's Antique Weapon Shoppe.
 38819 | Vaults:4 | Reached XP level 20. HP: 181/181 MP: 13/27
 38832 | Vaults:4 | Reached skill level 10 in Armour
 39102 | Vaults:4 | Found Gozag's Antique Armour Emporium.
 39921 | Vaults:4 | Reached skill level 15 in Earth Magic
 40786 | Vaults:4 | Bought a masterwork cloak for 950 gold pieces
 40786 | Vaults:4 | Identified the +4 cloak of Jary {Str+5} (You bought it in a
                  | shop on level 4 of the Vaults)
 40815 | Vaults:4 | Bought a shiny kite shield for 750 gold pieces
 41117 | D:8      | Bought an amulet of regeneration for 480 gold pieces
 41343 | Orc:2    | Bought a potion of invisibility for 128 gold pieces
 41736 | Swamp:4  | Killed TangoThomas's ghost
 42166 | Vaults:5 | Entered Level 5 of the Vaults
 42239 | Vaults:5 | Reached skill level 10 in Dodging
 42366 | Vaults:5 | Identified the +2 scale mail of Uskayaw {Will+ Slay+3 SInv
                  | Stlth+}
 42427 | Vaults:5 | Reached skill level 16 in Unarmed Combat
 42439 | Vaults:5 | Reached XP level 21. HP: 138/188 MP: 15/29
 42450 | Vaults:5 | Killed from afar by a frost giant

Illustrated notes

Levels and vault maps discovered:
D:1:      evilmike_arrival_hilbert_curve, layout_loops_ring,
          ebering_ecumenical_altar_petrified
D:2:      layout_basic, basic_altar, kennysheep_jessica_study
D:3:      wad_pebble_path, layout_loops_ring, kennysheep_generic_room_7
D:4:      layout_gridville, uniq_edmund
D:5:      layout_basic, gammafunk_ghost_mausoleum, serial_shops,
          nicolae_shop_crystal
D:6:      layout_basic, mainiacjoe_overflow_catwalk
D:7:      layout_cave_pools, temple_statues, nzn_ghost_randoct
D:8:      layout_basic, roderic_roman_lattice, nicolae_alphabet_shops
D:9:      layout_gridville
D:10:     layout_stronghold
D:11:     wad_woods_structure_01, layout_basic, orc_david_3, serial_shops, shop,
          minmay_circle_x
D:12:     layout_cave_pools, nrook_campfire
D:13:     layout_irregular_city, ximxim_vaults_locker_room
D:14:     layout_roguey, guppyfry_shop_earth, uniq_roxanne, uniq_frances
D:15:     grunt_enter_depths_snipers, layout_stronghold, minmay_fountain_box,
          serial_park_tiny_pond, worms_lemuel
Temple:   minmay_crystal_snake_temple
Lair:1:   layout_big_grid, disabler_island
Lair:2:   layout_cave_pods, spider_nest_entry_funnel_web, lemuel_oklob_altar,
          infiniplex_staircase_pool, uniq_nergalle
Lair:3:   layout_cave_pods, minmay_swamp_entry_reptiles, basic_altar
Swamp:1:  nicolae_swamp_secret_spriggan_hideout, layout_falls_marsh,
          hangedman_swamp_ruin_hall
Swamp:2:  layout_basic_swamp, evilmike_swamp_ruin_rubble_2
Swamp:3:  layout_falls_marsh, serial_swamp_ruin, evilmike_swamp_ruin_wall,
          evilmike_swamp_ruin_house_4, evilmike_swamp_ruin_rubble_1,
          uniq_bai_suzhen
Swamp:4:  byrel_swamp_growth_death_and_undeath, layout_basic_swamp,
          gammafunk_ghost_wrathful_warriors
Orc:1:    layout_diamond_mine, mines4_lemuel
Orc:2:    st_orc_town, layout_diamond_mine
Vaults:1: ebering_vaults_ghost_reflecting_pool, ontoclasm_vaults_tryst,
          nicolae_vaults_network_quinsquares
          [nicolae_vaults_network_quincunx_subvault,
          nicolae_vaults_network_quincunx_subvault,
          nicolae_vaults_network_quincunx_subvault,
          nicolae_vaults_network_quincunx_subvault], hangedman_vaults_cutoff,
          nicolae_vaults_angled_halls, v_misc_1, vaults_dpeg_hooks,
          layout_vaults_quadrants
Vaults:2: st_greater_box_3, ontoclasm_vaults_ring_large, grunt_vaults_swirl,
          grunt_vaults_diagonal, v_misc_31, ontoclasm_vaults_decontamination,
          ontoclasm_vaults_chip, ontoclasm_vaults_loading_screen,
          nicolae_vaults_little_squares_6, v_rooms_2, v_misc_15,
          layout_vaults_omnibox, uniq_asterion, uniq_jory
Vaults:3: grunt_vaults_bifocal, nicolae_vaults_twisting_passages,
          nicolae_vaults_little_squares_6, ontoclasm_vaults_twist, v_rooms_5,
          minmay_crypt_entry_necro_gods, v_pattern_2,
          hangedman_vaults_variations, nicolae_vaults_windows_and_doors_thing,
          v_misc_3, nicolae_vaults_diagonal_hallway_7,
          grunt_vaults_hallway_long, layout_vaults_ring
Vaults:4: nicolae_vaults_little_squares_6, nicolae_vaults_big_angled_halls,
          hangedman_vaults_snaps, v_alt_pattern_6, hangedman_vaults_trim,
          nicolae_vaults_theta, v_misc_18, v_alt_pattern_6,
          vaults_mumra_minichess, vaults_room_pool,
          kennysheep_vaults_gozag_temple, nicolae_vaults_little_squares_3,
          ontoclasm_vaults_gateway, layout_vaults_big_cross
Vaults:5: uniq_margery, uniq_xtahua, uniq_mennas

Skill      XL: |  1  2  3  4  5  6  7  8  9 10 11 12 13 14 15 16 17 18 19 20 21 |
---------------+----------------------------------------------------------------+-----
Stealth        | 1 2 3 4 5 7 8 9 10 11 12 | 12.0
Poison Magic   | 1 3 |  3.0
Dodging        | 2 3 4 5 6 7 8 9 10 | 10.1
Unarmed Combat | 4 5 6 7 9 10 11 12 13 14 15 16 | 16.1
Fighting       | 2 3 4 6 7 8 9 10 11 | 11.8
Transmutations | 3 4 7 9 10 11 12 13 14 | 14.5
Ice Magic      | 2 4 6 |  6.0
Invocations    | 3 5 7 8 9 10 11 | 11.0
Earth Magic    | 6 10 11 12 13 15 | 15.2
Shields        | 3 7 9 |  9.4
Armour         | 2 7 9 10 | 10.3
Spellcasting   | |  2.0

Action                   |  1- 3 |  4- 6 |  7- 9 | 10-12 | 13-15 | 16-18 | 19-21 || total
-------------------------+-------+-------+-------+-------+-------+-------+-------++-------
Melee: Unarmed           |    46 |   151 |   295 |   586 |   466 |   580 |   535 ||  2659
       Headbutt          |     3 |    11 |    10 |       |       |       |       ||    24
       Punch             |       |     2 |     2 |     9 |    45 |     1 |    24 ||    83
       Constrict         |       |       |       |       |   119 |    91 |   111 ||   321
Throw: Dart              |       |       |     4 |     3 |     1 |     1 |       ||     9
       Boomerang         |       |       |       |     1 |     1 |       |       ||     2
       Throwing net      |       |       |       |     1 |       |       |       ||     1
 Cast: Beastly Appendage |    26 |    41 |    11 |       |       |       |       ||    78
       Spider Form       |       |     8 |    56 |    70 |     2 |       |       ||   136
       Wereblood         |       |       |     4 |    18 |    14 |    18 |    21 ||    75
       Blade Hands       |       |       |       |    15 |    57 |     5 |    27 ||   104
       Ice Form          |       |       |       |       |     3 |       |    14 ||    17
       Statue Form       |       |       |       |       |    21 |    94 |    23 ||   138
Invok: Bend Time         |       |       |       |    14 |    13 |    12 |     4 ||    43
       Temporal Distorti |       |       |       |       |     5 |     4 |     2 ||    11
       Slouch            |       |       |       |       |       |     3 |     6 ||     9
       Step From Time    |       |       |       |       |       |     2 |       ||     2
 Abil: Spit Poison       |    27 |    39 |    22 |    11 |     5 |     1 |       ||   105
       End Transformatio |       |       |       |     2 |     6 |     5 |     2 ||    15
Evoke: Wand              |       |       |       |       |       |     2 |       ||     2
  Use: Scroll            |     2 |     4 |     9 |     7 |     8 |    14 |     2 ||    46
       Potion            |       |     1 |     4 |     2 |     9 |     6 |     2 ||    24
 Stab: Sleeping          |       |     2 |     6 |    10 |    14 |    16 |     5 ||    53
       Distracted        |       |       |       |     2 |     5 |     1 |     1 ||     9
Armor: Robe              |     8 |    44 |    26 |    44 |   148 |     2 |       ||   272
       Skin              |       |       |    12 |     9 |    83 |   482 |   165 ||   751
       Chain mail        |       |       |       |       |     2 |       |       ||     2
       Acid dragon scale |       |       |       |       |       |     3 |       ||     3
       Plate armour      |       |       |       |       |       |    13 |   163 ||   176
Dodge: Dodged            |    26 |    99 |   300 |   579 |   442 |   709 |   309 ||  2464
Block: Kite shield       |       |       |       |       |    15 |   425 |   440 ||   880
       Buckler           |       |       |       |       |   113 |   163 |       ||   276
       Other             |       |       |       |       |       |     7 |    29 ||    36
       Reflection        |       |       |       |       |       |       |    45 ||    45
